 Dungeon Crawl Stone Soup version 0.19-a0-994-g3c636f0 (webtiles) character file.

42086 Dekamerus the Cleaver (level 13, -5/116 HPs)
             Began as a Minotaur Fighter on July 16, 2016.
             Was the Champion of Okawaru.
             Slain by Rupert
             ... wielding a +6 great mace of protection
              (29 damage)
             ... on level 6 of the Lair of Beasts.
             The game lasted 00:52:44 (19117 turns).

Dekamerus the Cleaver (Minotaur Fighter)           Turns: 19117, Time: 00:52:44

Health: -5/116     AC: 26    Str: 28    XL:     13   Next: 83%
Magic:  19/21      EV: 15    Int:  5    God:    Okawaru [******]
Gold:   1011       SH: 17    Dex: 11    Spells: 0 memorised, 24 levels left

rFire  + . .     SeeInvis .     I - +1 broad axe
rCold  . . .     Gourm    .     S - +5 swamp dragon armour "Luqoqed" {rPois Str+3}
rNeg   . . .     Faith    .     c - +1 shield
rPois  +         Spirit   .     (helmet restricted)
rElec  .         Dismiss  .     V - +2 cloak {+Inv}
rCorr  +         Reflect  +     T - +2 pair of gloves
SustAt .         Harm     .     L - +2 pair of boots {Stlth+}
MR     .....                    N - +3 amulet of reflection
Stlth  ++........               y - ring of resist corrosion
                                x - ring of protection from fire

@: finesse, very slightly contaminated, hasted, invisible, very quick, not
resistant to hostile enchantments, unstealthy
A: retaliatory headbutt, horns 2
a: Heroism, Finesse, Renounce Religion


You were on level 6 of the Lair of Beasts.
You worshipped Okawaru.
Okawaru was exalted by your worship.
You were hungry.

You visited 3 branches of the dungeon, and saw 17 of its levels.
You also visited: Labyrinth and Ossuary.

You collected 1101 gold pieces.
You spent 90 gold pieces at shops.

Inventory:

Hand Weapons
 t - a +1 flail of crushing
 I - a +1 broad axe (weapon)
Armour
 c - a +1 shield (worn)
 u - a +0 chain mail of fire resistance
 L - a +2 pair of boots of stealth (worn)
 S - the +5 swamp dragon armour "Luqoqed" (worn) {rPois Str+3}
   (You found it in a labyrinth)

   It affects your strength (+3).
   It protects you from poison.
 T - a +2 pair of gloves (worn)
 V - a +2 cloak of invisibility (worn)
Rods
 a - a +3 rod of shadows (11/11)
   (You took it off a minotaur in a labyrinth)
 Z - a +3 rod of ignition (13/13)
   (You found it in a labyrinth)
Jewellery
 v - an uncursed ring of fire
 x - a ring of protection from fire (left hand)
 y - a ring of resist corrosion (right hand)
 C - an uncursed ring of fire
 J - an uncursed ring of sustain attributes
 K - an uncursed ring of see invisible
 N - a +3 amulet of reflection (around neck)
 U - an uncursed amulet of rage
Wands
 k - a wand of digging (17/24)
 E - a wand of digging (12/24)
 M - a wand of confusion (22/48)
Scrolls
 d - 7 scrolls of magic mapping
 i - a scroll of identify
 l - 4 scrolls of teleportation
 n - 5 scrolls of remove curse
 q - 3 scrolls of fear
 r - 3 scrolls of amnesia
 z - 4 scrolls of recharging
 H - 2 scrolls of fog
 X - a scroll of summoning
Potions
 e - a potion of haste
 g - a potion of magic
 o - a potion of might
 p - 3 potions of brilliance
 s - 2 potions of mutation
 w - 4 potions of cure mutation
 D - 4 potions of curing
 R - a potion of ambrosia
Books
 b - a book of Annihilations

   Spells                             Type                      Level
   a - Poison Arrow                   Conjuration/Poison           6
   b - Chain Lightning                Conjuration/Air              8
   c - Lehudib's Crystal Spear        Conjuration/Earth            8
   d - Glaciate                       Conjuration/Ice              9
   e - Fire Storm                     Conjuration/Fire             9
 h - a book of Battle

   Spells                             Type                      Level
   a - Infusion                       Charms                       1
   b - Shroud of Golubria             Charms/Translocation         2
   c - Song of Slaying                Charms                       2
   d - Spectral Weapon                Hexes/Charms                 3
   e - Regeneration                   Charms/Necromancy            3
 B - the Handbook of Flight and the Blaze
   (You found it on level 8 of the Dungeon)

   Spells                             Type                      Level
   a - Throw Flame                    Conjuration/Fire             2
   b - Mephitic Cloud                 Conjuration/Poison/Air       3
   c - Freezing Cloud                 Conjuration/Ice/Air          6
   d - Tornado                        Air                          9
 O - an Akashic Record

   Spells                             Type                      Level
   a - Dispersal                      Translocation                6
   b - Malign Gateway                 Summoning/Translocation      7
   c - Disjunction                    Translocation                8
   d - Controlled Blink               Translocation                8
 P - a book of Frost

   Spells                             Type                      Level
   a - Freeze                         Ice                          1
   b - Throw Frost                    Conjuration/Ice              2
   c - Ozocubu's Armour               Charms/Ice                   3
   d - Throw Icicle                   Conjuration/Ice              4
   e - Summon Ice Beast               Ice/Summoning                4
 Y - a book of Death

   Spells                             Type                      Level
   a - Corpse Rot                     Necromancy                   2
   b - Sublimation of Blood           Necromancy                   2
   c - Agony                          Necromancy                   5
   d - Dispel Undead                  Necromancy                   5
   e - Excruciating Wounds            Charms/Necromancy            5
   f - Bolt of Draining               Conjuration/Necromancy       5
Miscellaneous
 j - a lamp of fire
Comestibles
 f - 8 bread rations
 m - 3 meat rations
 F - 18 chunks of flesh
 G - 8 fruits
 Q - a royal jelly


   Skills:
 + Level 11.1 Fighting
 * Level 14.6 Axes
 + Level 11.2 Armour
 + Level 9.8 Dodging
 + Level 11.0 Shields
 + Level 6.1 Spellcasting
 - Level 5.0 Invocations
 - Level 4.0 Evocations


You had 24 spell levels left.
You didn't know any spells.

Dungeon Overview and Level Annotations

Branches:
Dungeon (10/15)            Temple (1/1) D:7            Lair (6/6) D:10
 Shoals (0/4) Lair:4        Snake (0/4) Lair:2          Orc (0/2) D:10
  Slime: Lair:5-6

Altars:
Ashenzari
Cheibriados
Dithmenos
Elyvilon
Fedhas
Gozag
Hepliaklqana
Kikubaaqudgha
Makhleb
Nemelex Xobeh
Okawaru
Pakellas
Qazlal
Ru
Sif Muna
Trog
Uskayaw
Vehumet
Xom
Yredelemnul
Zin
The Shining One
Beogh

Shops:
D:4 }

Annotations:
D:9 exclusion: oklob plant
Lair:6 Rupert


Innate Abilities, Weirdness & Mutations

You reflexively headbutt those who attack you in melee.
You have a pair of horns on your head.


Message History

You hit Rupert but do no damage.
Rupert is severely wounded.
You block Rupert's attack.
You barely miss Rupert.
Rupert is severely wounded.
You hit Rupert but do no damage. You headbutt Rupert.
Rupert is severely wounded.
Rupert hits you with a great mace of protection!!
* * * LOW HITPOINT WARNING * * *
You are too injured to fight recklessly!
You are too injured to fight recklessly!
You are too injured to fight recklessly!
You fade into invisibility!
You block Rupert's attack.
You slash Rupert! You headbutt Rupert, but do no damage.
Rupert is almost dead.
You hit Rupert but do no damage. You headbutt Rupert, but do no damage.
Rupert is almost dead.
Rupert hits you with a great mace of protection!!
You die...

.........................
#.#.....#.#...P#...#.
####...####.....##... . #
#.#..###.P....# P.. .( #
#.#..........## #...< #
##..8........P### .... #
#...##.......#.#.....
####./.#................
......##........@@......
8....####.......#.......
....## ###.#...###.....
..8..# ###..## ....
....## #..# ... 8......
#... .. .......# ...## .
........ ###.. ...#....
...


You could see Rupert (berserk).

Vanquished Creatures
  A minotaur (Lab)
  4 hydras
  Erica (D:10)
  8 death yaks (Lair:4)
  A hill giant (D:9)
  A lindwurm (Lair:5)
  A griffon (Lair:5)
  A black mamba (Lair:5)
  15 elephants
  Maurice (D:8)
  Psyche (D:8)
  9 spiny frogs
  2 rime drakes (Lair:2)
  A centaur skeleton (D:10)
  7 komodo dragons
  2 polar bears
  A troll (D:10)
  2 wyverns
  Eustachio (D:4)
  41 yaks
  6 basilisks
  Grum (Lair:1)
  2 steam dragons (D:8)
  2 hungry ghosts
  6 hippogriffs
  Edmund (D:4)
  12 water moccasins
  9 porcupines
  2 ice beasts
  4 orc warriors
  4 black bears
  5 sky beasts
  A wasp (D:10)
  3 centaurs
  6 ogres
  20 wolves
  12 crocodiles
  4 big kobolds
  14 giant frogs
  2 gnoll sergeants
  A wyvern skeleton (D:10)
  5 scorpions
  5 killer bees (D:8)
  4 wights (D:10)
  A howler monkey (D:5)
  The ghost of Vergil the Vexing, a weakling DsEn (D:3)
  2 electric eels (Lair:4)
  4 crimson imps
  A centaur zombie (D:8)
  A giant frog zombie (D:9)
  3 jellies
  Crazy Yiuf (D:4)
  13 orc priests
  3 hounds
  A giant frog skeleton (D:10)
  7 iguanas
  8 orc wizards
  Jessica (D:2)
  2 worker ants
  7 sheep (Lair:4)
  A hound zombie (D:6)
  3 mummies (Ossuary)
  12 adders
  14 gnolls
  40 river rats
  2 shadow imps
  An ooze (D:3)
  2 adder zombies (Ossuary)
  5 worms
  2 dart slugs
  4 giant geckos
  38 orcs
  5 giant cockroaches
  10 goblins
  12 hobgoblins
  14 jackals
  5 quokkas
  4 bats
  10 giant newts
  A gnoll zombie (Ossuary)
  3 goblin zombies (Ossuary)
  2 hobgoblin zombies (Ossuary)
  A jackal skeleton (D:8)
  19 kobolds
  2 kobold zombies (Ossuary)
  2 orc zombies (Ossuary)
  3 quokka zombies
  4 rats
  4 rat zombies (Ossuary)
  2 fungi
  7 plants
522 creatures vanquished.

Vanquished Creatures (others)
  A manticore (D:6)
  A sheep (Lair:4)
  5 fungi
  13 toadstools (D:9)
20 creatures vanquished.

Grand Total: 542 creatures vanquished

Notes
Turn   | Place    | Note
-------+----------+-------------------------------------------
     0 | D:1      | Dekamerus the Minotaur Fighter began the quest for the Orb.
     0 | D:1      | Reached XP level 1. HP: 19/19 MP: 0/0
   249 | D:1      | Reached XP level 2. HP: 26/27 MP: 1/1
   357 | D:1      | Reached skill level 3 in Axes
   485 | D:1      | Reached skill level 1 in Dodging
   533 | D:1      | Reached XP level 3. HP: 30/33 MP: 2/2
   882 | D:2      | Noticed Jessica
   887 | D:2      | Killed Jessica
   887 | D:2      | Reached XP level 4. HP: 39/40 MP: 4/4
  1066 | D:2      | Reached skill level 1 in Spellcasting
  1084 | D:2      | Found a burning altar of Makhleb.
  1248 | D:2      | Found a faded altar of an unknown god.
  1466 | D:2      | Found an iron altar of Okawaru.
  1478 | D:2      | Reached skill level 4 in Axes
  1500 | D:2      | Became a worshipper of Warmaster Okawaru
  1575 | D:3      | Reached XP level 5. HP: 40/46 MP: 5/5
  1701 | D:3      | Noticed Vergil's ghost (weakling DsEn)
  1717 | D:3      | Killed Vergil's ghost
  2554 | D:4      | Found a snail-covered altar of Cheibriados.
  2570 | D:4      | Noticed an ice beast
  2585 | D:4      | Killed an ice beast
  2585 | D:4      | Reached * piety under Okawaru
  2585 | D:4      | Reached skill level 5 in Axes
  2585 | D:4      | Reached XP level 6. HP: 35/53 MP: 6/6
  2714 | D:4      | Found Ziraw's Gadget Boutique.
  2737 | D:4      | Noticed Eustachio
  2761 | D:4      | Killed Eustachio
  2761 | D:4      | Reached skill level 5 in Armour
  3393 | D:4      | Reached XP level 7. HP: 60/60 MP: 8/8
  3500 | D:4      | Noticed Edmund
  3549 | D:4      | Killed Edmund
  3808 | D:4      | Found a runed door.
  3812 | D:4      | Noticed Crazy Yiuf
  3819 | D:4      | Killed Crazy Yiuf
  3819 | D:4      | Reached skill level 5 in Shields
  3877 | D:5      | Entered Level 5 of the Dungeon
  3882 | D:5      | Found a sand-covered staircase.
  3888 | Ossuary  | Entered an ossuary
  4143 | Ossuary  | Reached skill level 5 in Fighting
  4200 | D:5      | Reached skill level 6 in Axes
  4372 | D:5      | Reached ** piety under Okawaru
  4372 | D:5      | Reached skill level 1 in Evocations
  4657 | D:5      | Reached XP level 8. HP: 61/68 MP: 10/10
  5226 | D:6      | Reached skill level 7 in Axes
  5494 | D:6      | Reached *** piety under Okawaru
  5869 | D:6      | Reached XP level 9. HP: 69/77 MP: 10/12
  6055 | D:6      | Found an oddly glowing altar of Pakellas.
  6056 | D:6      | Noticed a manticore
  6064 | D:6      | Killed a manticore
  6221 | D:7      | Reached skill level 8 in Axes
  6395 | D:7      | Found a staircase to the Ecumenical Temple.
  6413 | Temple   | Entered the Ecumenical Temple
  6615 | D:7      | Reached **** piety under Okawaru
  6651 | D:7      | Reached skill level 5 in Dodging
  6879 | D:7      | Reached skill level 9 in Axes
  6908 | D:7      | You fall through a shaft for 2 floors!
  6908 | D:9      | Found Zin's Purification Station.
  6908 | D:9      | Found a glowing silver altar of Zin.
  6949 | D:9      | Bought a potion of curing for 90 gold pieces
  7504 | D:8      | Reached XP level 10. HP: 74/86 MP: 13/13
  7696 | D:8      | Reached ***** piety under Okawaru
  7737 | D:8      | Found a deep blue altar of Sif Muna.
  7961 | D:8      | Identified the Handbook of Flight and the Blaze
  8019 | D:8      | Noticed Psyche
  8020 | D:8      | Noticed Maurice
  8033 | D:8      | Killed Psyche
  8056 | D:8      | Killed Maurice
  8403 | D:9      | Reached skill level 10 in Axes
  8412 | D:9      | Reached skill level 1 in Invocations
  8776 | D:9      | Found a hazy altar of Hepliaklqana.
  8814 | D:9      | Noticed a hill giant
  8826 | D:9      | Killed a hill giant
  9121 | D:9      | Received a gift from Okawaru
  9125 | D:9      | Got a polished falchion {god gift}
  9131 | D:9      | Identified the +5 falchion "Enan" {drain, rF+} (Okawaru gifted it to you on level 9 of the Dungeon)
  9378 | D:9      | Found a blossoming altar of Fedhas.
  9399 | D:9      | Noticed an oklob plant
  9632 | D:10     | Entered Level 10 of the Dungeon
  9637 | D:10     | Reached XP level 11. HP: 84/95 MP: 16/16
  9786 | D:10     | Found a staircase to the Orcish Mines.
  9804 | D:10     | Noticed Erica
  9821 | D:10     | Killed Erica
  9954 | D:10     | Reached skill level 11 in Axes
 10109 | D:10     | Found a staircase to the Lair.
 10745 | D:10     | Found a roughly hewn altar of Beogh.
 10951 | Lair:1   | Entered Level 1 of the Lair of Beasts
 10954 | Lair:1   | Noticed Grum
 11299 | Lair:1   | Killed Grum
 11421 | Lair:1   | Noticed a six-headed hydra
 11433 | Lair:1   | Killed a six-headed hydra
 11433 | Lair:1   | Received a gift from Okawaru
 11787 | Lair:1   | Reached ****** piety under Okawaru
 11787 | Lair:1   | Reached skill level 12 in Axes
 12447 | Lair:1   | Reached XP level 12. HP: 86/105 MP: 18/18
 12666 | Lair:1   | Noticed an eight-headed hydra
 12680 | Lair:1   | Killed an eight-headed hydra
 12680 | Lair:1   | Received a gift from Okawaru
 13045 | Lair:2   | Found a staircase to the Snake Pit.
 13219 | Lair:2   | Found a labyrinth entrance.
 13232 | Lab      | Entered a labyrinth
 13687 | Lab      | Noticed a minotaur
 13703 | Lab      | Killed a minotaur
 13737 | Lab      | Got a dazzling swamp dragon armour
 13742 | Lair:2   | Found a frozen archway.
 13749 | Lair:2   | Reached skill level 5 in Spellcasting
 13807 | Lair:2   | Identified the +5 swamp dragon armour "Luqoqed" {rPois Str+3} (You found it in a labyrinth)
 13807 | Lair:2   | Identified a +3 rod of shadows (8/11) (You took it off a minotaur in a labyrinth)
 13808 | Lair:2   | Identified a +3 rod of ignition (13/13) (You found it in a labyrinth)
 13934 | Lair:2   | Reached skill level 10 in Armour
 14190 | Lair:3   | Reached skill level 10 in Fighting
 14428 | Lair:3   | Reached skill level 5 in Invocations
 14429 | Lair:3   | Reached skill level 13 in Axes
 14862 | Lair:4   | Noticed a six-headed hydra
 14875 | Lair:4   | Killed a six-headed hydra
 15057 | Lair:4   | Noticed a death yak
 15057 | Lair:4   | Noticed a death yak
 15057 | Lair:4   | Noticed a death yak
 15058 | Lair:4   | Noticed a death yak
 15065 | Lair:4   | Killed a death yak
 15533 | Lair:4   | Found a staircase to the Shoals.
 15601 | Lair:4   | Noticed a death yak
 15604 | Lair:4   | Noticed a death yak
 15604 | Lair:4   | Noticed a death yak
 15607 | Lair:4   | Noticed a death yak
 15614 | Lair:4   | Killed a death yak
 15617 | Lair:4   | Killed a death yak
 15617 | Lair:4   | Reached XP level 13. HP: 92/114 MP: 17/20
 15618 | Lair:4   | Reached skill level 10 in Shields
 16792 | Lair:4   | Received a gift from Okawaru
 16798 | Lair:4   | Got a transparent large shield {god gift}
 16809 | Lair:4   | Identified the -8 large shield of the Bard {rPois rF- MR+++ SInv} (Okawaru gifted it to you on level 4 of the Lair of Beasts)
 17436 | Lair:4   | Reached skill level 14 in Axes
 18851 | Lair:6   | Entered Level 6 of the Lair of Beasts
 19082 | Lair:6   | Noticed Rupert
 19117 | Lair:6   | Slain by Rupert

Vault maps used:
D:1:      lightli_arrival_noodles
D:2:      lemuel_round_altar, okawaru_altar_gauntlet_db, ecumenical_altar_1,
          uniq_jessica
D:3:      corexii_corridor_pit, minmay_misc_feat_rugged, minivault_5
D:4:      lemuel_round_altar, serial_shops, kennysheep_mini_moat, uniq_edmund,
          uniq_eustachio, uniq_crazy_yiuf_cottage
D:5:      lightli_ossuary_entry_decrepit_ruins, first_bread
D:6:      gammafunk_pakellas_spire_experiment, minmay_unpleasant_kobolds
D:8:      kennysheep_little_box, uniq_maurice, uniq_psyche
D:9:      marbit_many_paths, zin_purify, tgw_fedhas
D:10:     dpeg_oklobed_lair, minmay_orc_entry_temple_large, uniq_erica
Temple:   bh_familiar_temple
Lair:1:   beast_lair_carwin_9, serial_bayou_shore_b, serial_bayou_shore_b,
          grunt_megastairs_3, uniq_grum
Lair:2:   dummy_snake_entry, lab_entry_generic, portal_ice_cave_rime,
          lemuel_fruit_tree
Lair:4:   shoals_dummy_entry, serial_bayou_shore_a, grunt_megastairs_1
Lair:5:   grunt_megastairs_5
Lair:6:   due_jungle_book, slime_altar_2, grunt_megastairs_4,
          lemuel_fruit_fields, uniq_rupert
Lab:      nicolae_lab_garden, nicolae_lab_arrow, labyrinth_skeletal_remains,
          nicolae_lab_starburst
Ossuary:  ossuary_minmay_chase

Skill      XL: |  1  2  3  4  5  6  7  8  9 10 11 12 13 |
---------------+----------------------------------------+-----
Axes           | 3 4 5 6 7 9 10 12 13 14 | 14.6
Dodging        | 1 2 3 4 5 6 7 8 9 |  9.8
Armour         | 4 5 6 7 8 9 10 11 | 11.2
Spellcasting   | 1 2 3 4 5 6 |  6.1
Shields        | 4 5 6 7 8 9 11 | 11.0
Fighting       | 4 5 6 7 8 9 10 11 | 11.1
Evocations     | 1 2 3 4 |  4.0
Invocations    | 2 3 5 |  5.0

Action                   |  1- 3 |  4- 6 |  7- 9 | 10-12 | 13-15 || total
-------------------------+-------+-------+-------+-------+-------++-------
Melee: War axe           |    75 |   151 |   413 |   165 |       ||   804
       Headbutt          |    12 |    24 |    90 |   168 |    98 ||   392
       Broad axe         |       |       |       |   526 |   285 ||   811
       Flail             |       |       |       |    50 |     6 ||    56
Invok: Heroism           |       |       |       |     1 |       ||     1
       Finesse           |       |       |       |     2 |     1 ||     3
 Abil: Evoke Invisibilit |       |       |       |     3 |     1 ||     4
Evoke: Wand              |       |       |       |     1 |       ||     1
  Use: Scroll            |       |     6 |    11 |    14 |       ||    31
       Potion            |       |     3 |     2 |     7 |     3 ||    15
 Stab: Invisible         |       |       |       |    37 |     4 ||    41
       Distracted        |       |       |       |     1 |       ||     1
       Sleeping          |       |       |       |     1 |       ||     1
  Eat: Chunk             |       |     5 |    11 |    19 |    10 ||    45
       Bread ration      |       |     1 |       |     1 |       ||     2
       Fruit             |       |       |     5 |     5 |     2 ||    12
       Pizza             |       |       |       |     2 |       ||     2
       Beef jerky        |       |       |       |     2 |       ||     2
Armor: Scale mail        |    41 |    95 |   105 |       |       ||   241
       Chain mail        |       |       |    86 |   222 |       ||   308
       Plate armour      |       |       |       |    97 |       ||    97
       Swamp dragon armo |       |       |       |    62 |   113 ||   175
Dodge: Dodged            |    26 |    59 |   128 |   292 |   126 ||   631
Block: Shield            |    40 |    80 |   231 |   437 |   265 ||  1053
